 Dungeon Crawl Stone Soup version 0.27.1 (webtiles) character file.

Game seed: 18253179504226995565

4 MajorAdolf the Conjurer (level 1, 0/15 HPs)
             Began as a Naga Wanderer on Aug 25, 2021.
             Slain by a quokka (2 damage)
             ... on level 1 of the Dungeon.
             The game lasted 00:01:11 (681 turns).

MajorAdolf the Conjurer (Naga Wanderer)              Turns: 681, Time: 00:01:11

Health: 0/15       AC:  1    Str: 13    XL:     1   Next: 70%
Magic:  3/3        EV:  9    Int: 13    God:
Gold:   0          SH:  0    Dex: 10    Spells: 4/4 levels left

rFire    . . .     SeeInvis +   a - +0 club
rCold    . . .     Faith    .   (no shield)
rNeg     . . .     Spirit   .   b - +0 robe
rPois    +         Reflect  .   (no helmet)
rElec    .         Harm     .   (no cloak)
rCorr    .         Rampage  .   (no gloves)
Will     .....                  (no barding)
Stlth    ++........             (no amulet)
HPRegen  0.05/turn              (no ring)
MPRegen  0.08/turn              (no ring)

@: short of breath, very slow
A: AC +0, large, see invisible, deformed body, poison resistance, slowness 2,
spit poison 1, naga tail 1
a: Spit Poison


You were on level 1 of the Dungeon.
You visited 1 branch of the dungeon, and saw 1 of its levels.

Inventory:

Hand Weapons
 a - a +0 club (weapon)
Armour
 b - a +0 robe (worn)


   Skills:
 - Level 1.0 Throwing
 - Level 1.5 Stealth
 - Level 2.0 Spellcasting
 + Level 3.1 Conjurations
 - Level 1.0 Summonings
 + Level 2.2 Earth Magic


You had 4 spell levels left.
You didn't know any spells.
Your spell library contained the following spells:

 Spells                   Type           Power      Damage    Failure   Level
 Magic Dart               Conj           36%        1d4       7%          1
 Sandblast                Erth           14%        2d6       11%         1
 Corona                   Hex            1%         N/A       26%         1
 Call Imp                 Summ           3%         N/A       26%         2
 Stone Arrow              Conj/Erth      16%        3d8       26%         3
 Blink                    Tloc           N/A        N/A       36%         2
 Slow                     Hex            1%         N/A       36%         2
 Conjure Flame            Conj/Fire      5%         6-21      36%         3
 Mephitic Cloud           Conj/Pois/Air  4%         N/A       45%         3
 Portal Projectile        Hex/Tloc       2%         N/A       58%         3


Dungeon Overview and Level Annotations

Branches:
Dungeon (1/15)

Altars:


Innate Abilities, Weirdness & Mutations

Your serpentine skin is tough. (AC +0)
You have supernaturally acute eyesight. (SInv)
Armour fits poorly on your strangely shaped body.
Your system is resistant to poisons. (rPois)
You cover ground very slowly.
You can spit poison.
You have a snake-like lower body.


Message History

The splash of poison misses the quokka.
You have got your breath back.
The quokka closely misses you.
Press: ? - help, Shift-Dir - straight line, f/p - quokka
Aim: a quokka The splash of poison misses the quokka.
The quokka bites you but does no damage.
The quokka barely misses you.
You have got your breath back.
Press: ? - help, Shift-Dir - straight line, f/p - quokka
Aim: a quokka The splash of poison misses the quokka.
The quokka bites you. x2
Unknown command.
You have got your breath back.
The quokka bites you. The quokka bites you.
Press: ? - help, Shift-Dir - straight line, f/p - quokka
Aim: a quokka The splash of poison misses the quokka.
The quokka bites you.
* * * LOW HITPOINT WARNING * * *
Unknown command.
The quokka closely misses you.
You have got your breath back.
Press: ? - help, Shift-Dir - straight line, f/p - quokka
Aim: a quokka The splash of poison hits the quokka.
The quokka is lightly wounded.
The quokka barely misses you. The quokka bites you.
* * * LOW HITPOINT WARNING * * *
Unknown command.
You aren't carrying any potions.
Unknown command.
You aren't carrying any potions.
You aren't carrying any scrolls.
You aren't carrying any items that you can evoke.
Unknown command.
Drop what? 2/52 slots (_ for help) (? for menu, Esc to quit)
Okay, then.
The quokka bites you.
You die...

###....# .......#
#......# .......#
#....##
#.....##############
###..................#
.......###...........#
..#............r@....#
...########..........#
...# #..........###
...# #............##
...# ############..#
...# ##.## ..## #..##
.# ####...#### #
#..#...#..#


You could see a quokka.

Vanquished Creatures
  A dart slug (D:1)
  An endoplasm (D:1)
  A frilled lizard (D:1)
3 creatures vanquished.

Notes
Turn   | Place    | Note
-------+----------+-------------------------------------------
     0 | D:1      | MajorAdolf the Naga Wanderer began the quest for the Orb.
     0 | D:1      | MajorAdolf set off with the following items: a +0 club, a
                  | +0 robe; and the following spells available to memorise:
                  | Magic Dart, Sandblast, Corona, Call Imp, Stone Arrow,
                  | Blink, Slow, Conjure Flame, Mephitic Cloud, Portal
                  | Projectile
     0 | D:1      | Reached XP level 1. HP: 15/15 MP: 3/3
   681 | D:1      | Slain by a quokka

Illustrated notes

Levels and vault maps discovered:
D:1:      onia_arrival_mini_spirals, layout_rooms, serial_park_tiny_2

Action                   || total
-------------------------++-------
Melee: Club              ||    10
 Abil: Spit Poison       ||     9
Armor: Robe              ||     1
Dodge: Dodged            ||     9
